 Dungeon Crawl Stone Soup version 0.28.0-43-g3370ac3207 (webtiles) character file.

Game seed: 770292688696384852

55 zcamperz the Skirmisher (level 3, -8/34 HPs)
             Began as a Minotaur Berserker on Mar 28, 2022.
             Was a Believer of Trog.
             Engulfed by a cloud of flame (15 damage)
             ... on level 2 of the Dungeon.
             The game lasted 00:01:40 (1994 turns).

zcamperz the Skirmisher (Minotaur Berserker)        Turns: 1994, Time: 00:01:41

Health: -8/34      AC:  8    Str: 23    XL:     3   Next: 67%
Magic:  2/2        EV:  8    Int:  4    God:    Trog [**....]
Gold:   126        SH:  0    Dex:  9    Spells: 2/2 levels left

rFire   . . .      SeeInvis .   a - +0 hand axe
rCold   . . .      Faith    .   (no shield)
rNeg    . . .      Spirit   .   k - +0 chain mail
rPois   .          Reflect  .   (helmet restricted)
rElec   .          Harm     .   (no cloak)
rCorr   .          Rampage  .   (no gloves)
Will    .....                   (no boots)
Stlth   ..........              (no amulet)
HPRegen 0.11/turn               (no ring)
MPRegen 0.08/turn               (no ring)

@: about to teleport
A: horns 2, retaliatory headbutt
a: Renounce Religion, Berserk, Trog's Hand


You were on level 2 of the Dungeon.
You worshipped Trog.
Trog was pleased with you.
You visited 1 branch of the dungeon, and saw 2 of its levels.

You collected 126 gold pieces.

Inventory:

Hand Weapons
 a - a +0 hand axe (weapon)
Missiles
 g - 6 silver javelins (quivered)
Armour
 k - a +0 chain mail (worn)
Scrolls
 h - a scroll of noise {unknown}
 i - a scroll of teleportation
Potions
 c - a potion of cancellation {unknown}
 d - a potion of heal wounds {unknown}
 e - a potion of brilliance {unknown}
 f - 2 potions of mutation {unknown}
 j - a potion of curing {unknown}


   Skills:
 + Level 4.7 Fighting
 + Level 4.4 Axes
 + Level 2.7 Armour
 + Level 2.4 Dodging
 + Level 0.2 Stealth


You had 2 spell levels left.
You didn't know any spells.
Your spell library was empty.

Dungeon Overview and Level Annotations

Branches:
Dungeon (2/15)

Altars:


Innate Abilities, Weirdness & Mutations

You have a pair of horns on your head.
You reflexively headbutt those who attack you in melee.


Message History

The endoplasm quivers.
An endoplasm is nearby!
An endoplasm is nearby!
You slash the endoplasm!
You kill the endoplasm!
Trog accepts your kill.
You now have 126 gold pieces (gained 5).
A hobgoblin comes into view.
Found a book of the Warp.
Found a stone staircase leading down.
The hobgoblin shouts!
A hobgoblin is nearby!
A hobgoblin is nearby!
A hobgoblin is nearby!
You hit the hobgoblin but do no damage.
The hobgoblin hits you but does no damage.
You slash the hobgoblin!
You kill the hobgoblin!
Trog accepts your kill.
j - a golden potion
There is a stone staircase leading down here.
You open the door.
There is an open door here.
There is an open door here.
Found a stone staircase leading up.
A frilled lizard comes into view.
A frilled lizard is nearby!
As you read the scroll labelled HEUQUICAMUSU, it crumbles to dust.
The creatures around you are filled with an inner flame!
It was a scroll of immolation.
As you read the scroll labelled FAIMMI NIMN, it crumbles to dust.
You feel strangely unstable.
It was a scroll of teleportation.
The frilled lizard bites you but does no damage.
You hit the frilled lizard. Trog accepts your kill.
The frilled lizard explodes!
The fiery explosion engulfs you!!
Ouch! That really hurt!
* * * LOW HITPOINT WARNING * * *
You are engulfed in blazing flames.
You die...

####################
#...................
##########.##################
#.................
#.########.#######.# #.#
#...##.#ยงยง........ #####
#.###...##.#.### ...# #....
#........#.#@#.# ... #....
#.#.#####..<...#.#.# .. #....
#... ..##......#.#.#.# ###.##....
#...##.###.....#.#.#.# #.....###.
#..#...#####.#.#.#.#.# #.....# #.
#..#.#....##.#.#...#.#.#.....###.
#.........##.........#.#.........
#.........####......>............
#<.........................####


There were no monsters in sight!

Vanquished Creatures
  2 worms (D:2)
  A ball python (D:1)
  5 bats
  6 endoplasms
  A giant cockroach (D:1)
  5 goblins
  9 hobgoblins
  A quokka (D:1)
  4 frilled lizards
  5 kobolds
  3 rats (D:1)
42 creatures vanquished.

Notes
Turn   | Place    | Note
-------+----------+-------------------------------------------
     0 | D:1      | zcamperz the Minotaur Berserker began the quest for the
                  | Orb.
     0 | D:1      | Reached XP level 1. HP: 19/19 MP: 0/0
    29 | D:1      | Found a faded altar of an unknown god.
   174 | D:1      | Reached XP level 2. HP: 27/27 MP: 1/1
   767 | D:1      | Reached XP level 3. HP: 30/34 MP: 2/2
  1009 | D:2      | Reached ** piety under Trog
  1994 | D:2      | Engulfed by a cloud of flame

Illustrated notes

Levels and vault maps discovered:
D:1:      amcnicky_arrival_underground_garden, layout_loops_ring,
          ebering_ecumenical_altar_rust
D:2:      layout_basic

Skill      XL: |  1  2 |
---------------+-------+-----
Axes           | 4 |  4.4
Fighting       | 4 |  4.7
Armour         | |  2.7
Dodging        | |  2.4
Stealth        | |  0.2

Action                   || total
-------------------------++-------
Melee: Hand axe          ||    88
       Punch             ||     1
       Headbutt          ||    11
Invok: Berserk           ||     1
  Use: Scroll            ||     2
 Stab: Sleeping          ||     1
Armor: Animal skin       ||    14
       Leather armour    ||     6
       Chain mail        ||     3
Dodge: Dodged            ||    48
